 Dungeon Crawl Stone Soup version 0.23-a0-644-gb60d84b (webtiles) character file.

16 Amnesiac the Ducker (level 2, -2/16 HPs)
             Began as a Spriggan Berserker on Jan 1, 2019.
             Was a Follower of Trog.
             Slain by a goblin
             ... wielding a +0 dagger
              (3 damage)
             ... on level 1 of the Dungeon.
             The game lasted 00:00:44 (174 turns).

Amnesiac the Ducker (Spriggan Berserker)             Turns: 174, Time: 00:00:45

Health: -2/16      AC:  2    Str: 13    XL:     2   Next: 41%
Magic:  3/3        EV: 20    Int:  8    God:    Trog [*.....]
Gold:   10         SH:  0    Dex: 15    Spells: 1/1 levels left

rFire    . . .     SeeInvis +   a - +0 falchion
rCold    . . .     Gourm    .   (shield restricted)
rNeg     . . .     Faith    .   b - +0 animal skin
rPois    .         Spirit   .   (helmet restricted)
rElec    .         Reflect  .   (no cloak)
rCorr    .         Harm     .   (gloves unavailable)
MR       .....                  (boots unavailable)
Stlth    +.........             (no amulet)
HPRegen  0.05/turn              (no ring)
MPRegen  0.08/turn              (no ring)

@: very quick
A: very small, unfitting armour, see invisible, herbivore, speed 3, slow
metabolism 2
a: Berserk, Renounce Religion


You were on level 1 of the Dungeon.
You worshipped Trog.
Trog was aware of your devotion.
You were not hungry.

You visited 1 branch of the dungeon, and saw 1 of its levels.

You collected 10 gold pieces.

Inventory:

Hand Weapons
 a - a +0 falchion (weapon)
Armour
 b - a +0 animal skin (worn)
Comestibles
 c - a ration


   Skills:
 + Level 2.6 Fighting
 + Level 2.7 Long Blades
 + Level 4.8 Dodging


You had one spell level left.
You didn't know any spells.
Your spell library was empty.

Dungeon Overview and Level Annotations

Branches:
Dungeon (1/15)

Altars:


Innate Abilities, Weirdness & Mutations

You are very small and have problems with some larger weapons.
You are too small for most types of armour.
You have supernaturally acute eyesight. (SInv)
You are a herbivore.
You cover ground extremely quickly.
You need to consume almost no food.


Message History

You riposte.
You hit the goblin.
You kill the goblin!
Trog accepts your kill. The bat barely misses you.
You riposte.
You hit the bat.
You kill the bat!
Trog accepts your kill.
No target in view!
No target in view!
No target in view!
No target in view!
No target in view!
No target in view!
No target in view!
No target in view!
No target in view!
No target in view!
No target in view!
No target in view!
No target in view!
No target in view!
No target in view!
No target in view!
No target in view!
Found a mace.
A goblin comes into view. It is wielding a +0 dagger.
A goblin is nearby!
The goblin hits you with a +0 dagger.
You barely miss the goblin. The goblin hits you with a +0 dagger.
You barely miss the goblin. The goblin hits you with a +0 dagger.
* * * LOW HITPOINT WARNING * * *
You hit the goblin.
You kill the goblin!
Trog accepts your kill.
No target in view!
No target in view!
No target in view!
No target in view!
No target in view!
No target in view!
Things that are here:
a +0 dagger; a goblin corpse A giant cockroach comes into view.
Found 7 gold pieces.
A giant cockroach is nearby!
A goblin comes into view. It is wielding a +0 dagger.
A kobold comes into view. It is wielding a +0 club.
The kobold shouts!
The goblin shouts!
You hear a shout!
Found 13 bolts.
The giant cockroach misses you.
You closely miss the giant cockroach.
A kobold comes into view. It is wielding a +0 dagger.
A hobgoblin comes into view. It is wielding a +0 club.
The giant cockroach barely misses you.
You riposte.
The kobold shouts!
You slash the giant cockroach!
You kill the giant cockroach!
Trog accepts your kill. The kobold misses you.
A hobgoblin comes into view. It is wielding a +0 club.
You barely miss the kobold. The kobold misses you.
You closely miss the kobold. The kobold hits you with a +0 club.
* * * LOW HITPOINT WARNING * * *
The goblin hits you with a +0 dagger.
You die...

##........ ..
#........# ..#.
#........##.#..
#(....K........
#....$........
..........
######.g†#.# .
......K@g..# ..
##.........##...
.....###........ ...
.#..####......## ..
#. #........... #.
..
#.##......###+#####.
#
#.###...#........##.
#.####.##........###
#.)..............+..


You could see a hobgoblin, a goblin and 2 kobolds.

Vanquished Creatures
  3 giant cockroaches (D:1)
  3 goblins (D:1)
  4 jackals (D:1)
  3 bats (D:1)
13 creatures vanquished.

Notes
Turn   | Place    | Note
-------+----------+-------------------------------------------
     0 | D:1      | Amnesiac the Spriggan Berserker began the quest for the
                  | Orb.
     0 | D:1      | Reached XP level 1. HP: 11/11 MP: 2/2
   113 | D:1      | Reached XP level 2. HP: 16/16 MP: 3/3
   174 | D:1      | Slain by a goblin

Vault maps used:
D:1:      ncdulo_smallfort, hex_large, hangedman_abyss_or_decor_lesser_grid,
          serial_bayou_lagoon_a, item_on_display_a

Action                   || total
-------------------------++-------
Melee: Falchion          ||    27
 Stab: Sleeping          ||     1
Armor: Animal skin       ||     6
Dodge: Dodged            ||    28
       Rpst.: Falchion   ||     9

Table legend:
 A = Non-vault XP
 B = Vault XP
 C = Vault XP percentage of total XP
 D = Non-vault monster count
 E = Vault monster count
 F = Vault count percentage of total count
                 A         B        C        D         E       F
            +---------+---------+-------+---------+---------+-------
      Total |      24 |       0 |   0.0 |      13 |       0 |   0.0
            +---------+---------+-------+---------+---------+-------
        D:1 |      24 |       0 |   0.0 |      13 |       0 |   0.0
            +---------+---------+-------+---------+---------+-------
